 Dungeon Crawl Stone Soup version 0.17.1-2-g5865329 (webtiles) character file.

207 ololoev the Chopper (level 5, -1/43 HPs)
             Began as a Demonspawn Fighter on Jan 25, 2016.
             Was an Initiate of Okawaru.
             Slain by a killer bee (6 damage)
             ... on level 5 of the Dungeon.
             The game lasted 00:04:51 (776 turns).

ololoev the Chopper (Demonspawn Fighter)             Turns: 776, Time: 00:04:52

Health: -1/43      AC:  9    Str: 22    XL:     5   Next: 54%
Magic:  5/5        EV:  7    Int:  9    God:    Okawaru [......]
Gold:   88         SH:  9    Dex: 13    Spells: 1 memorised, 2 levels left

rFire  . . .     SeeInvis .     a - +0 war axe
rCold  . . .     Clarity  .     b - +0 scale mail
rNeg   . . .     SustAt   .     c - +0 shield
rPois  .         Gourm    .     (no helmet)
rElec  .         Spirit   .     (no cloak)
rCorr  .         Warding  .     (no gloves)
rMut   .         Stasis   .     (no boots)
MR     .....                    (no amulet)
Stlth  ..........               (no ring)
                                (no ring)

@: mighty, lethally poisoned (-1 -> -18), not resistant to hostile enchantments,
extremely unstealthy
A: rugged brown scales 2, rot immunity
a: Renounce Religion


Innate Abilities, Weirdness & Mutations

You are mostly covered in rugged brown scales (AC +2, +5% HP).
You are immune to rotting.

Inventory:

Hand Weapons
 a - a +0 war axe (weapon)
Missiles
 f - 5 javelins (quivered)
 j - a throwing net
Armour
 b - a +0 scale mail (worn)
 c - a +0 shield (worn)
Scrolls
 d - a scroll of enchant armour {unknown}
 g - 2 scrolls of identify {unknown}
 k - 2 scrolls of remove curse {unknown}
 l - 3 scrolls of magic mapping {unknown}
 m - a scroll of noise {unknown}
Potions
 h - a potion of curing {unknown}
 i - a potion of magic {unknown}
 o - a potion of cancellation {unknown}
Comestibles
 e - 2 bread rations


   Skills:
 - Level 3.0 Fighting
 * Level 4.5 Axes
 + Level 3.8 Armour
 - Level 2.6 Shields


You had 2 spell levels left.
You knew the following spells:

 Your Spells              Type           Power        Failure   Level  Hunger
a - Repel Missiles        Chrm/Air       #.....       100%        2    ###....


You were on level 5 of the Dungeon.
You worshipped Okawaru.
Okawaru was noncommittal.
You were not hungry.

You visited 1 branch of the dungeon, and saw 5 of its levels.

You collected 88 gold pieces.

...... #....##
.. ##..... ...
###.....###...
.....%...)......
...##...........
.......y†.......
.......@..∩...#
.........######
....#....#
...#.)#..# .
#.....#
#.....###.#
#.........#
#...#######
#..##

Notes
Turn   | Place    | Note
--------------------------------------------------------------
     0 | D:1      | ololoev the Demonspawn Fighter began the quest for the Orb.
     0 | D:1      | Reached XP level 1. HP: 18/18 MP: 1/1
   110 | D:1      | Gained mutation: You are immune to rotting. [demonic ancestry]
   110 | D:1      | Reached XP level 2. HP: 24/24 MP: 2/2
   384 | D:4      | Gained mutation: You are partially covered in rugged brown scales (AC +1, +3% HP). [demonic ancestry]
   384 | D:4      | Reached XP level 3. HP: 5/29 MP: 3/3
   449 | D:4      | Found Salyaff's Weapon Shoppe.
   480 | D:4      | Found a bloodstained altar of Trog.
   511 | D:4      | Noticed a phantom
   524 | D:2      | Found an iron altar of Okawaru.
   540 | D:2      | Became a worshipper of Warmaster Okawaru
   595 | D:4      | Killed a phantom
   595 | D:4      | Reached XP level 4. HP: 14/36 MP: 4/4
   672 | D:4      | Learned a level 2 spell: Repel Missiles
   694 | D:4      | Found a snail-covered altar of Cheibriados.
   694 | D:4      | Found a burning altar of Makhleb.
   755 | D:5      | Entered Level 5 of the Dungeon
   771 | D:5      | Found Towunilo's Magic Scroll Shoppe.
   774 | D:5      | Reached skill level 4 in Axes
   774 | D:5      | Gained mutation: You are mostly covered in rugged brown scales (AC +2, +5% HP). [demonic ancestry]
   774 | D:5      | Reached XP level 5. HP: 19/43 MP: 5/5
   776 | D:5      | Slain by a killer bee

Dungeon Overview and Level Annotations

Branches:
Dungeon (5/15)
 Temple: D:4-7

Altars:
Cheibriados
Makhleb
Okawaru
Trog

Shops:
D:4 (   D:5 ?


Message History

Found a hunting sling.
Found a club and a bread ration. 2 killer bees come into view.
The killer bee buzzes angrily. x2
A killer bee comes into view.
Found Towunilo's Magic Scroll Shoppe.
The killer bee stings you but does no damage.
The killer bee barely misses you.
Drink which item? (? for menu, Esc to quit)
You feel very mighty all of a sudden. The killer bee stings you!
The killer bee stings you. The killer bee stings you.
You are poisoned.
The killer bee poisons you!
You slash the killer bee!
You kill the killer bee!
Okawaru accepts your kill.
Your Axes skill increases to level 4!
You have reached level 5!
Your demonic ancestry asserts itself...
Rugged brown scales spread over more of your body.
You slash the killer bee!
The killer bee is severely wounded.
You feel sick. The killer bee barely misses you. The killer bee stings you.
Unknown command.
You slash the killer bee!
You kill the killer bee!
Okawaru accepts your kill.
You hit the killer bee.
The killer bee is moderately wounded.
You feel sick. You block the killer bee's attack. The killer bee stings you.
You are lethally poisoned!
The killer bee poisons you! The killer bee stings you.
You are more poisoned.
The killer bee poisons you!
Unknown command.
You miss the killer bee.
The killer bee is moderately wounded.
You feel sick. The killer bee stings you.
You die...

You could see a killer bee.

Vanquished Creatures
  A phantom (D:4)
  2 killer bees (D:5)
  A giant gecko (D:4)
  3 orcs (D:4)
  A ball python (D:2)
  2 bats
  7 goblins
  3 hobgoblins
  4 quokkas
  A giant cockroach (D:3)
  2 kobolds (D:1)
  2 rats (D:1)
29 creatures vanquished.

Action                   |  1- 3 |  4- 6 || total
-------------------------+-------+-------++-------
Melee: War axe           |    96 |     6 ||   102
  Use: Potion            |     1 |     1 ||     2

Vault maps used:
D:1:      scummos_arrival_hexagon
D:2:      nicolae_overflow_hidden_temple
D:3:      nicolae_qazlal_general_emergency, lemuel_crystal_altar,
          minmay_misc_feat_four_crosses, uniq_iyjb
D:4:      gammafunk_temple_overflow_elements, old_standard_altar, serial_shops,
          shop, first_bread, uniq_eustachio
D:5:      led_sif_book, serial_shops,
          nicolae_shop_temple_entry_statues_fountains, shop,
          nicolae_shop_waterfront, nicolae_shop_statue_plus, shop
